 Dungeon Sprint DCSS version 0.17-a0-2147-gfb20a63 (webtiles) character file.

338 esc the Combatant (level 6, 0/53 HPs)
             Began as a Demonspawn Gladiator on Oct 24, 2015.
             Was a Follower of Okawaru.
             Slain by a gnoll sergeant
             ... wielding a +1 trident of pain
              (1 damage)
             ... in the Dungeon (Sprint IX: "|||||||||||||||||||||||||||||").
             The game lasted 00:02:41 (413 turns).

esc the Combatant (Demonspawn Gladiator)             Turns: 413, Time: 00:02:41

Health: 0/53       AC: 16    Str: 18    XL:     6   Next: 29%
Magic:  8/10       EV: 16    Int: 10    God:    Okawaru [*.....]
Gold:   0          SH:  2    Dex: 15    Spells: 0 memorised, 5 levels left

rFire  . . .     SeeInvis .     r - +2 halberd (protect)
rCold  . . .     Clarity  .     t - +2 ring mail
rNeg   . . .     SustAt   .     (no shield)
rPois  .         Gourm    .     s - +0 helmet
rElec  .         Spirit   .     (no cloak)
rCorr  .         Warding  .     (no gloves)
rMut   .         NoTele   +     (no boots)
MR     .....                    (no amulet)
Stlth  +.........               u - +3 ring of strength
                                v - +2 ring of evasion

@: exhausted, not resistant to hostile enchantments, very unstealthy
A: claws 1, large bone plates 1, rot immunity
a: Heroism, Renounce Religion


You were in the Dungeon.
You worshipped Okawaru.
Okawaru was aware of your devotion.
You were not hungry.

You visited 1 branch

Inventory:

Hand Weapons
 a - a +0 trident
 r - a +2 halberd of protection (weapon)
   (You found it in the Dungeon)
Missiles
 d - 3 throwing nets {=f, !d}
Armour
 b - a +0 leather armour
 c - a +0 helmet
 s - a +0 helmet (worn)
   (You found it in the Dungeon)
 t - a +2 ring mail (worn)
   (You found it in the Dungeon)
Magical Staves
 p - an uncursed staff of energy {@w1+MP, hungerless spells, !d!a}
   (You found it in the Dungeon)
Jewellery
 u - a +3 ring of strength (right claw)
   (You found it in the Dungeon)
 v - a +2 ring of evasion (left claw)
   (You found it in the Dungeon)
Wands
 q - a wand of fire (7)
   (You found it in the Dungeon)
Scrolls
 k - 2 scrolls of blinking {!r}
 n - 3 scrolls of remove curse
 o - 2 scrolls of amnesia
Potions
 f - 5 potions of curing
 h - a potion of haste
 i - 4 potions of magic
 m - a potion of invisibility
Comestibles
 e - a bread ration {@e1}


   Skills:
 + Level 6.4 Fighting
 + Level 6.3 Polearms
 - Level 1.7 Throwing
 + Level 5.4 Armour
 + Level 6.2 Dodging
 + Level 6.6 Invocations


You had 5 spell levels left.
You didn't know any spells.

Dungeon Overview and Level Annotations

Branches:
Dungeon (1/1)

Altars:
Cheibriados
Dithmenos
Elyvilon
Fedhas
Gozag
Kikubaaqudgha
Makhleb
Nemelex Xobeh
Okawaru
Qazlal
Ru
Sif Muna
Trog
Vehumet
Xom
Yredelemnul
Zin
The Shining One
Beogh
Jiyva
Lugonu


Innate Abilities, Weirdness & Mutations

You have sharp fingernails.
You are partially covered in large bone plates (AC +2, SH +2).
You are immune to rotting.


Message History

Something hits you.
You regained 17 hp, and now have 33/44 hp.
Attack whom?
Aim: a hippogriff (lightly wounded)
You reach to attack!
You puncture the hippogriff! Something hits you but does no damage.
Something hits you. Something barely misses you. Something hits you.
You take 2 damage, and have 31/44 hp.
Attack whom?
Aim: a hippogriff (moderately wounded)
You reach to attack!
You hit the hippogriff. Something hits you. You block its attack.
Something hits you.
You take 5 damage, and have 26/44 hp.
Attack whom?
Aim: a hippogriff (heavily wounded)
Something you can't see is in the way.
You closely miss something. Something hits you but does no damage.
Something hits you! Something hits you.
* * * LOW HITPOINT WARNING * * *
You take 13 damage, and have 13/44 hp.
MASSIVE DAMAGE!!
Drink which item? (? for menu, Esc to quit)
You feel much better. Something barely misses you.
Something hits you but does no damage. x2
You regained 20 hp, and now have 33/44 hp.
Attack whom?
Aim: a hippogriff (heavily wounded)
You reach to attack!
You slash the hippogriff!
Something hits you but does no damage. x2
Something barely misses you. Something hits you but does no damage.
Attack whom?
Aim: a hippogriff (severely wounded)
You reach to attack!
You puncture the hippogriff!
You kill the hippogriff!
Okawaru is honoured by your kill.
You can now gain great but temporary skills.
Your Fighting skill increases to level 6!
Your Polearms skill increases to level 6!
Your Armour skill increases to level 5!
Your Dodging skill increases to level 6!
Your Invocations skill increases to level 6!
You have reached level 6!
Your experience leads to an increase in your attributes!
Your base attributes are Str 15, Int 10, Dex 14.
Increase (S)trength, (I)ntelligence, or (D)exterity?
You feel agile.
Your demonic ancestry asserts itself...
You feel immune to rotting. Something completely misses you.
You regained 4 hp, and now have 38/53 hp.
You closely miss something. Something hits you but does no damage.
Something hits you but does no damage. Something closely misses you.
Something completely misses you.
The gnoll sergeant hits you from afar with a trident of pain.
You writhe in agony.
You take 5 damage, and have 33/53 hp.
You closely miss something. Something hits you. Something barely misses you.
Something hits you but does no damage. The gnoll sergeant barely misses you.
You take 1 damage, and have 32/53 hp.
You hit something. Something hits you. Something hits you but does no damage.
The gnoll sergeant completely misses you.
Something hits you.
The gnoll sergeant hits you from afar with a trident of pain!
* * * LOW HITPOINT WARNING * * *
You writhe in agony.
* * * LOW HITPOINT WARNING * * *
You take 20 damage, and have 12/53 hp.
MASSIVE DAMAGE!!
You hit something. Something hits you but does no damage.
Something barely misses you. x2
The gnoll sergeant misses you. Something hits you but does no damage.
You barely miss something.
You feel yourself speed up. Something hits you.
* * * LOW HITPOINT WARNING * * *
Something hits you.
* * * LOW HITPOINT WARNING * * *
The gnoll sergeant closely misses you. Something barely misses you.
The gnoll sergeant barely misses you. Something hits you but does no damage.
You take 3 damage, and have 9/53 hp.
Drink which item? (? for menu, Esc to quit)
Okay, then.
You hit something. Something hits you but does no damage.
The gnoll sergeant hits you from afar with a trident of pain.
* * * LOW HITPOINT WARNING * * *
You writhe in agony.
* * * LOW HITPOINT WARNING * * *
You take 6 damage, and have 3/53 hp.
You miss something. You block its attack.
Something hits you but does no damage. The gnoll sergeant misses you.
You closely miss something. Something barely misses you.
The gnoll sergeant barely misses you.
You puncture something! Something closely misses you.
Something completely misses you.
The gnoll sergeant hits you but does no damage.
Something hits you but does no damage.
You closely miss something. Something hits you.
* * * LOW HITPOINT WARNING * * *
Something completely misses you.
The gnoll sergeant hits you but does no damage.
You writhe in agony.
You die... ▓▓▓▓▓▓▓▓▓▓▓▓▓▓▓▓▓▓▓▓▓▓▓▓ ______'...)[....@.g....+ ▓▓▓▓▓▓▓▓▓▓▓▓▓▓▓▓▓▓▓▓▓▓▓▓

You could see a gnoll sergeant.

Vanquished Creatures
  A hippogriff (D)
  An ogre (D)
  A centaur (D)
  A worker ant (D)
  An adder skeleton (D)
  A worm (D)
  An orc (D)
  2 bat zombies (D)
  A goblin (D)
  A kobold (D)
  2 bats (D)
  A rat (D)
14 creatures vanquished.

Notes
Turn   | Place    | Note
--------------------------------------------------------------
     0 | D        | esc the Demonspawn Gladiator began the quest for the Orb.
     0 | D        | Reached XP level 1. HP: 16/16 MP: 1/1
    15 | D        | Reached skill level 3 in Polearms
    18 | D        | Reached skill level 1 in Armour
    20 | D        | Reached skill level 3 in Dodging
    81 | D        | Noticed a worker ant
    86 | D        | Gained mutation: You are partially covered in large bone plates (AC +2, SH +2). [demonic ancestry]
    86 | D        | Reached XP level 2. HP: 23/23 MP: 2/2
   106 | D        | Killed a worker ant
   106 | D        | Reached skill level 3 in Fighting
   106 | D        | Reached skill level 4 in Polearms
   106 | D        | Reached skill level 2 in Armour
   106 | D        | Reached XP level 3. HP: 16/29 MP: 3/3
   112 | D        | Reached skill level 4 in Dodging
   123 | D        | Found a glowing silver altar of Zin.
   123 | D        | Found a glowing golden altar of the Shining One.
   123 | D        | Found an ancient bone altar of Kikubaaqudgha.
   123 | D        | Found a basalt altar of Yredelemnul.
   123 | D        | Found a shimmering altar of Xom.
   123 | D        | Found a radiant altar of Vehumet.
   124 | D        | Found an iron altar of Okawaru.
   125 | D        | Found a burning altar of Makhleb.
   126 | D        | Found a deep blue altar of Sif Muna.
   127 | D        | Found a bloodstained altar of Trog.
   128 | D        | Found a sparkling altar of Nemelex Xobeh.
   129 | D        | Found a white marble altar of Elyvilon.
   130 | D        | Found a roughly hewn altar of Beogh.
   131 | D        | Found a viscous altar of Jiyva.
   132 | D        | Became a worshipper of Warmaster Okawaru
   132 | D        | HP: 7/29 [poisoned by a worker ant]
   133 | D        | Found a corrupted altar of Lugonu.
   134 | D        | Found a blossoming altar of Fedhas.
   135 | D        | Found a snail-covered altar of Cheibriados.
   136 | D        | Found a shadowy altar of Dithmenos.
   137 | D        | Found a stormy altar of Qazlal.
   138 | D        | Found an opulent altar of Gozag.
   139 | D        | Found a sacrificial altar of Ru.
   372 | D        | Noticed an ogre
   372 | D        | Noticed a centaur
   372 | D        | Noticed a hippogriff
   372 | D        | Noticed a gnoll sergeant
   380 | D        | Killed an ogre
   380 | D        | Reached skill level 4 in Fighting
   380 | D        | Reached skill level 5 in Polearms
   380 | D        | Reached skill level 3 in Armour
   380 | D        | Reached skill level 5 in Dodging
   380 | D        | Reached skill level 3 in Invocations
   380 | D        | Gained mutation: You have sharp fingernails. [demonic ancestry]
   380 | D        | Reached XP level 4. HP: 30/38 MP: 3/6
   381 | D        | Killed a centaur
   381 | D        | Reached skill level 5 in Fighting
   381 | D        | Reached skill level 4 in Armour
   381 | D        | Reached skill level 5 in Invocations
   381 | D        | Reached XP level 5. HP: 35/44 MP: 3/8
   391 | D        | HP: 9/44 [something (4)]
   391 | D        | HP: 2/44 [something (7)]
   403 | D        | Killed a hippogriff
   403 | D        | Reached * piety under Okawaru
   403 | D        | Reached skill level 6 in Fighting
   403 | D        | Reached skill level 6 in Polearms
   403 | D        | Reached skill level 5 in Armour
   403 | D        | Reached skill level 6 in Dodging
   403 | D        | Reached skill level 6 in Invocations
   403 | D        | Gained mutation: You are immune to rotting. [demonic ancestry]
   403 | D        | Reached XP level 6. HP: 38/53 MP: 6/10
   406 | D        | HP: 13/53 [gnoll sergeant/trident of pain (11)]
   409 | D        | HP: 5/53 [gnoll sergeant/trident of pain (5)]
   413 | D        | HP: 1/53 [something (2)]
   413 | D        | Slain by a gnoll sergeant

Vault maps used:
D:        linesprint

Action                   |  1- 3 |  4- 6 || total
-------------------------+-------+-------++-------
Melee: Trident           |    49 |       ||    49
       Halberd           |     7 |    29 ||    36
  Use: Potion            |     1 |     3 ||     4

Vault maps used:
D:        linesprint

Table legend:
 A = Turns spent in this place as a percentage of turns spent in the entire game.
 B = Non-inter-level travel turns spent in this place as a percentage of non-inter-level travel turns spent in the entire game.
 C = Inter-level travel turns spent in this place as a percentage of turns spent in this place.
 D = Turns resting spent in this place as a percentage of non-inter-level travel turns spent in this place.
 E = Turns spent auto-exploring this place as a percentage of non-inter-level travel turns spent in this place.
 F = Non-inter-level travel turns spent in this place divided by the number of levels of this place that you've seen.
                   A       B       C       D       E      F
               +-------+-------+-------+-------+-------+----------------------
         Total | 100.0 | 100.0 |   0.0 |   2.2 |   0.0 | 183.0
       Dungeon | 100.0 | 100.0 |   0.0 |   2.2 |   0.0 | 183.0
               +-------+-------+-------+-------+-------+----------------------

Table legend:
 A = Kills in this place as a percentage of kills in entire the game.
 B = Kills by you in this place as a percentage of kills by you in the entire game.
 C = Kills by friends in this place as a percentage of kills by friends in the entire game.
 D = Other kills in this place as a percentage of other kills in the entire game.
 E = Experience gained in this place as a percentage of experience gained in the entire game.
 F = Experience gained in this place divided by the number of levels of this place that you have seen.
                   A       B       C       D       E      F
               +-------+-------+-------+-------+-------+----------------------
         Total | 100.0 | 100.0 |  -nan |  -nan | 100.0 | 483.0
       Dungeon | 100.0 | 100.0 |  -nan |  -nan | 100.0 | 483.0
               +-------+-------+-------+-------+-------+----------------------
